 Dungeon Crawl Stone Soup version 0.23-a0-451-g1044d4c (webtiles) character file.

124 ricardofg the Magician (level 5, 28/28 HPs)
             Began as a Gargoyle Wizard on Sept 14, 2018.
             Got out of the dungeon alive.
             The game lasted 00:06:48 (3005 turns).

ricardofg the Magician (Gargoyle Wizard)            Turns: 3005, Time: 00:06:49

Health: 28/28      AC:  6    Str: 10    XL:     5   Next: 8%
Magic:  11/11      EV: 12    Int: 20    God:
Gold:   90         SH:  0    Dex:  8    Spells: 11/12 levels left

rFire    . . .     SeeInvis .   f - +0 whip
rCold    + . .     Gourm    .   (no shield)
rNeg     + . .     Faith    .   a - +0 robe
rPois    ∞         Spirit   .   b - +0 hat
rElec    +         Reflect  .   (no cloak)
rCorr    .         Harm     .   (no gloves)
MR       .....                  (no boots)
Stlth    ++........             (no amulet)
HPRegen  0.09/turn              n - ring of protection from cold
MPRegen  0.12/turn              (no ring)

@: no status effects
A: negative energy resistance 1, electricity resistance, unbreathing,
petrification resistance, rot immunity, AC +4
a: no special abilities


You escaped.
You were not hungry.

You visited 1 branch of the dungeon, and saw 3 of its levels.

You collected 90 gold pieces.

Inventory:

Hand Weapons
 f - a +0 whip (weapon)
Armour
 a - a +0 robe (worn)
 b - a +0 hat (worn)
Jewellery
 n - a ring of protection from cold (left hand)
Scrolls
 g - a scroll of magic mapping {unknown}
 h - a scroll of enchant armour {unknown}
 i - 2 scrolls of identify {unknown}
 m - a scroll of blinking {unknown}
Potions
 c - a potion of agility {unknown}
 e - a potion of lignification {unknown}
 j - a potion of cancellation {unknown}
 k - a potion of mutation {unknown}
 o - a potion of flight {unknown}
 p - a potion of heal wounds {unknown}
Comestibles
 d - 2 rations


   Skills:
 - Level 1.5 Dodging
 - Level 2.1 Stealth
 + Level 4.2 Spellcasting
 + Level 3.7 Conjurations
   Level 0.8 Summonings
   Level 0.8 Translocations


You had 11 spell levels left.
You knew the following spells:

 Your Spells              Type           Power        Failure   Level  Hunger
a - Magic Dart            Conj           ###.         2%          1    None

Your spell library contained the following spells:

 Spells                   Type           Power        Failure   Level  Hunger
 Blink                    Tloc           N/A          13%         2    #......
 Call Imp                 Summ           #.......     13%         2    #......
 Conjure Flame            Conj/Fire      ##......     17%         3    ###....
 Slow                     Hex            #.......     19%         2    #......
 Mephitic Cloud           Conj/Pois/Air  #.......     22%         3    ###....


Dungeon Overview and Level Annotations

Branches:
Dungeon (3/15)

Altars:
Ashenzari
Yredelemnul
The Shining One


Innate Abilities, Weirdness & Mutations

You are resistant to torment.
Your stone body is resilient. (AC +4)
You are immune to poison.
You resist negative energy. (rN+)
You are resistant to electric shocks. (rElec)
You can survive without breathing.
You are immune to petrification.
You are immune to rotting.


Message History

Where to? (Enter - D:1, ? - help)
There is a stone staircase leading up here.
You climb upwards.
There is a stone staircase leading down here.
(D) Dungeon
Where to? (Enter - D:1, ? - help)
Okay, then.
(D) Dungeon
Where to? (Enter - D:1, ? - help)
Okay, then.
There is an open door here.
Eating a chunk of flesh.
You eat the chunk of flesh.
This raw flesh tastes terrible.
There is an open door here.
There is a large open door here.
HP restored.
There is an open door here.
There is a staircase leading out of the dungeon here.
Are you sure you want to leave the Dungeon?
This will make you lose the game!
You have escaped!

♣♣..............
♣♣.........≈≈≈≈≈≈
♣♣..............≈≈
♣♣.................
♣........########..
♣##'#....#..≈≈≈≈#..
♣#..######.≈.≈≈≈###
♣#..'....+....≈.#8#
♣#@.######......#.#
#### #####'##.#
#....... #######.
#.
#################.
#.................
##.#.#########.#..
#.#....######....


There were no monsters in sight!

Vanquished Creatures
  2 gnolls (D:2)
  6 adders (D:2)
  An ooze (D:2)
  A worm (D:2)
  2 dart slugs (D:1)
  A leopard gecko (D:1)
  4 bats
  4 giant cockroaches
  2 goblins (D:1)
  2 hobgoblins
  2 jackals (D:2)
  4 quokkas (D:2)
  3 frilled lizards
  5 kobolds
  3 rats
42 creatures vanquished.

Vanquished Creatures (others)
  A plant (D:2)
1 creature vanquished.

Grand Total: 43 creatures vanquished

Notes
Turn   | Place    | Note
-------+----------+-------------------------------------------
     0 | D:1      | ricardofg the Gargoyle Wizard began the quest for the Orb.
     0 | D:1      | Reached XP level 1. HP: 10/10 MP: 4/4
   188 | D:1      | Reached XP level 2. HP: 13/15 MP: 0/6
  1238 | D:2      | Upgraded the game from 0.23-a0-171-g5ae17c6 to
                  | 0.23-a0-451-g1044d4c
  1239 | D:2      | Reached XP level 3. HP: 19/19 MP: 5/8
  1541 | D:2      | Reached XP level 4. HP: 11/24 MP: 7/9
  1787 | D:2      | Reached skill level 4 in Spellcasting
  2066 | D:2      | Found a shattered altar of Ashenzari.
  2074 | D:2      | Found a basalt altar of Yredelemnul.
  2078 | D:2      | Found a glowing golden altar of the Shining One.
  2745 | D:2      | Reached XP level 5. HP: 22/28 MP: 11/11
  3005 | D:$      | Got out of the dungeon alive.

Vault maps used:
D:1:      sevenhm_arrival_forest_fort_large_1, minmay_misc_feat_hallway
D:2:      wad_woods_tower, minitemple
D:3:      corexii_shack_village, lightli_temple_of_fire,
          minmay_misc_feat_secret_circle, nicolae_ashenzari_panopticon,
          uniq_natasha, uniq_jessica

Skill      XL: |  1  2  3  4 |
---------------+-------------+-----
Conjurations   | 2 3 |  3.7
Spellcasting   | 4 |  4.2
Dodging        | |  1.5
Stealth        | |  2.1
Summonings     | |  0.8
Translocations | |  0.8

Action                   |  1- 3 |  4- 6 || total
-------------------------+-------+-------++-------
Melee: Whip              |    74 |    79 ||   153
       Unarmed           |     2 |       ||     2
 Cast: Magic Dart        |    43 |    26 ||    69
 Stab: Sleeping          |       |     2 ||     2
  Eat: Chunk             |     2 |     5 ||     7
Armor: Robe              |    25 |    26 ||    51
Dodge: Dodged            |    51 |    63 ||   114

Table legend:
 A = Non-vault XP
 B = Vault XP
 C = Vault XP percentage of total XP
 D = Non-vault monster count
 E = Vault monster count
 F = Vault count percentage of total count
                 A         B        C        D         E       F
            +---------+---------+-------+---------+---------+-------
      Total |     138 |      40 |  22.5 |      33 |       9 |  21.4
            +---------+---------+-------+---------+---------+-------
        D:1 |      26 |       4 |  13.3 |      12 |       3 |  20.0
        D:2 |     112 |      36 |  24.3 |      21 |       6 |  22.2
            +---------+---------+-------+---------+---------+-------
